 Dungeon Crawl Stone Soup version 0.30-a0-782-ge64f9170bb (webtiles) character file.

Game seed: 6457285546567740631

4746 Leeroy the Carver (level 10, -3/73 HPs)
             Began as a Merfolk Gladiator on Feb 22, 2023.
             Was a Follower of Wu Jian.
             Slain by an unseen horror (7 damage)
             ... on level 10 of the Dungeon.
             The game lasted 00:14:50 (9929 turns).

Leeroy the Carver (Merfolk Gladiator)               Turns: 9929, Time: 00:14:50

Health: -3/73      AC: 11    Str: 14    XL:     10   Next: 46%
Magic:  11/11      EV: 32    Int: 14    God:    Wu Jian [*.....]
Gold:   512        SH:  0    Dex: 20    Spells: 6/11 levels left

rFire   x . .      SeeInvis .    P - +0 scimitar
rCold   + . .      Faith    .    (no shield)
rNeg    . . .      Spirit   .    O - +0 acid dragon scales
rPois   +          Reflect  .    c - +0 helmet
rElec   .          Harm     .    z - +1 cloak {rPois}
rCorr   +          Rampage  .    k - +0 pair of gloves
Will    .....                    (no boots)
Stlth   +                        E - amulet of the acrobat
HPRegen 0.32/turn                n - +6 ring of intelligence
MPRegen 0.12/turn                w - ring of ice

@: acrobatic
A: (nimble swimmer 2), mertail
a: Renounce Religion


You were on level 10 of the Dungeon.
You worshipped Wu Jian.
Wu Jian was aware of your devotion.
You visited 2 branches of the dungeon, and saw 12 of its levels.

You collected 594 gold pieces.
You spent 82 gold pieces at shops.

Inventory:

Hand Weapons
 a - a +0 long sword
 u - a +2 dagger of venom
 y - a +4 quarterstaff of chaos
 C - a +0 scimitar
 F - a +1 dagger of speed
 P - a +0 scimitar (weapon)
 R - a +2 short sword of draining
 X - a +1 long sword of holy wrath
Missiles
 d - 3 throwing nets (quivered)
 e - a javelin
 p - 5 atropa-tipped darts
Armour
 b - a +0 leather armour
 c - a +0 helmet (worn)
 k - a +0 pair of gloves (worn)
 o - a +3 scale mail of willpower
 z - a +1 cloak of poison resistance (worn)
 O - +0 acid dragon scales (worn)
 Q - a +0 kite shield
 S - a +0 leather armour of poison resistance
 U - a +2 ring mail of fire resistance
Jewellery
 n - a +6 ring of intelligence (left hand)
 w - a ring of ice (right hand)
 A - a ring of willpower
 E - an amulet of the acrobat (around neck)
 I - a ring of fire
 W - an amulet of guardian spirit
 Y - a ring of magical power
Wands
 J - a wand of polymorph (19)
Scrolls
 f - 2 scrolls of brand weapon {unknown}
 j - 3 scrolls of poison {unknown}
 m - a scroll of torment {unknown}
 q - 2 scrolls of enchant weapon {unknown}
 s - 9 scrolls of identify {unknown}
 v - 3 scrolls of fear {unknown}
 B - a scroll of magic mapping {unknown}
 G - 4 scrolls of amnesia {unknown}
 H - 2 scrolls of enchant armour {unknown}
 K - 2 scrolls of blinking
 L - a scroll of teleportation {unknown}
 N - a scroll of immolation {unknown}
 V - a scroll of fog {unknown}
Potions
 g - 3 potions of attraction {unknown}
 h - 2 potions of brilliance {unknown}
 i - a potion of curing
 l - a potion of resistance {unknown}
 r - 2 potions of degeneration {unknown}
 t - 4 potions of lignification {unknown}
 x - 2 potions of ambrosia {unknown}
 D - 2 potions of mutation {unknown}
 M - a potion of magic {unknown}
 T - 2 potions of invisibility {unknown}


   Skills:
 + Level 4.9 Fighting
 - Level 14.2 Long Blades
 - Level 2.0 Throwing
 - Level 3.3 Armour
 - Level 8.4 Dodging
 * Level 1.0 Spellcasting
 - Level 4.1 Ice Magic


You had 6 spell levels left.
You knew the following spells:

 Your Spells              Type           Power      Damage    Failure   Level
a - Ozocubu's Armour      Ice            18%        N/A       21%         3
b - Ensorcelled Hibernat  Hex/Ice        18%        N/A       24%         2

Your spell library contained the following spells:

 Spells                   Type           Power      Damage    Failure   Level
 Shock                    Conj/Air       0%         1d3       36%         1
 Passwall                 Tmut/Erth      0%         N/A       50%         2
 Dazzling Flash           Conj/Hex       0%         N/A       73%         3
 Inner Flame              Hex/Fire       0%         N/A       73%         3
 Swiftness                Air            0%         N/A       73%         3
 Airstrike                Air            0%         2d(0-16)  98%         4
 Flame Wave               Conj/Fire      0%         2d4       98%         4
 Iskenderun's Mystic Bla  Conj/Tloc      0%         2d3       98%         4
 Sticky Flame             Conj/Fire      0%         2d3       98%         4
 Metabolic Englaciation   Hex/Ice        4%         N/A       99%         5
 Simulacrum               Ice/Necr       4%         N/A       100%        6
 Starburst                Conj/Fire      0%         6d3       100%        6


Dungeon Overview and Level Annotations

Branches:
Dungeon (11/15)            Temple (1/1) D:7             Orc (0/2) D:11
   Lair: D:8-11

Altars:
Ashenzari
Cheibriados
Dithmenos
Elyvilon
Fedhas
Gozag
Hepliaklqana
Kikubaaqudgha
Makhleb
Nemelex Xobeh
Okawaru
Qazlal
Ru
Sif Muna
Trog
Uskayaw
Vehumet
Wu Jian
Xom
Yredelemnul
Zin
The Shining One

Shops:
D:2 ?   D:9 [

Annotations:
D:5 2 transporters
D:8 3 runed translucent doors, soark's ghost, novice OpCj
D:10 exclusion: oklob plant, Urug


Innate Abilities, Weirdness & Mutations

((You are very nimble when in or above water. (Stealth+, EV+, Speed+++)))
Your lower body shifts to a powerful aquatic tail in water.


Message History

The Council accepts your kill.
You can now lightly attack monsters by moving around them.
You slash the orc!
The orc is almost dead.
The orc barely misses you.
You slash the orc!
You kill the orc!
The Council accepts your kill. Something hits you but does no damage.
Deactivating autopickup; reactivate with Ctrl-A.
You barely miss something. Something hits you.
You barely miss something. Something hits you but does no damage.
The gnoll sergeant barely misses you.
You hit the orc but do no damage. Something hits you.
The gnoll sergeant hits you from afar with a +0 spear.
The orc completely misses you.
You barely miss the orc. Something hits you!
You closely miss something. Something hits you!
* * * LOW HITPOINT WARNING * * *
The gnoll sergeant hits you from afar with a +0 spear.
* * * LOW HITPOINT WARNING * * *
The orc hits you with a +0 club.
* * * LOW HITPOINT WARNING * * *
Something hits you.
* * * LOW HITPOINT WARNING * * *
You closely miss the orc.
The gnoll sergeant hits you from afar with a +0 spear.
* * * LOW HITPOINT WARNING * * *
The orc completely misses you. Something barely misses you.
You slash the orc!
You kill the orc!
The Council accepts your kill. Something hits you but does no damage.
You hit something. Something hits you but does no damage. Something misses you.
Something hits you but does no damage. Something barely misses you.
Something hits you!
You die...

.......#>...#.....#
.......#)...#.....###.
.......#)...#.........
#.......#)####.........
#........)....#########
#.........#...#
#.......g.#...#
#.............#
#.......@.....#
#.............#####+
#...................
#.#####.............
#.# #..<.#........ #.#
#....#....... #.#
#....#.......
#.#####.......#########
#.............#.......#


You could see a gnoll sergeant.

Vanquished Creatures
  Pikel (D:3)
  An unseen horror (D:9)
  Maggie (D:7)
  Grinder (D:3)
  A wyvern (D:8)
  Duvessa (D:7)
  A water moccasin (D:8)
  A sky beast (D:7)
  5 orc warriors
  An ogre (D:5)
  4 centaurs
  4 lemures (D:4)
  3 phantoms (D:4)
  A kobold brigand (D:11)
  Blork the orc (D:5)
  A necrophage (D:7)
  3 bullfrogs
  A scorpion (D:5)
  3 wights (D:7)
  6 killer bees (D:7)
  3 howler monkeys (D:9)
  2 hounds
  A centaur zombie (D:4)
  A jelly (D:4)
  2 gnoll boudas
  3 orc priests
  Crazy Yiuf (D:3)
  Terence (D:2)
  An iguana (D:6)
  9 orc wizards
  A hound skeleton (D:4)
  Robin (D:3)
  17 gnolls
  5 adders
  A river rat (D:7)
  3 shadow imps
  A white imp (D:7)
  An adder skeleton (D:4)
  3 dart slugs
  35 orcs
  11 endoplasms
  7 giant cockroaches
  18 goblins
  6 hobgoblins
  7 quokkas
  7 ball pythons
  5 bats
  2 frilled lizards
  12 kobolds
  9 rats
217 creatures vanquished.

Vanquished Creatures (others)
  An orc wizard (D:11)
  3 plants
4 creatures vanquished.

Grand Total: 221 creatures vanquished

Notes
Turn   | Place    | Note
-------+----------+-------------------------------------------
     0 | D:1      | Leeroy the Merfolk Gladiator began the quest for the Orb.
     0 | D:1      | Reached XP level 1. HP: 16/16 MP: 1/1
    56 | D:1      | Reached skill level 4 in Long Blades
    77 | D:1      | Reached XP level 2. HP: 22/22 MP: 2/2
   544 | D:1      | Reached XP level 3. HP: 27/27 MP: 3/3
   555 | D:1      | Reached skill level 5 in Long Blades
  1369 | D:2      | Reached XP level 4. HP: 30/33 MP: 4/4
  1431 | D:2      | Found Tufoclo's Magic Scroll Shoppe.
  1431 | D:2      | Noticed Terence
  1453 | D:2      | Killed Terence
  1454 | D:2      | Reached skill level 6 in Long Blades
  1475 | D:2      | Found a blossoming altar of Fedhas.
  1481 | D:2      | Bought a scroll of blinking for 82 gold pieces
  1838 | D:2      | Reached skill level 1 in Armour
  2116 | D:3      | Found a faded altar of an unknown god.
  2116 | D:3      | Noticed Grinder
  2131 | D:3      | Killed Grinder
  2132 | D:3      | Reached XP level 5. HP: 2/38 MP: 5/5
  2132 | D:3      | Reached XP level 6. HP: 3/44 MP: 6/6
  2302 | D:3      | Noticed Robin
  2336 | D:3      | Killed Robin
  2922 | D:3      | Found a runed translucent door.
  2923 | D:3      | Noticed Crazy Yiuf
  3028 | D:3      | Killed Crazy Yiuf
  3134 | D:4      | Learned a level 3 spell: Ozocubu's Armour
  3152 | D:4      | Noticed Pikel
  3345 | D:4      | Reached skill level 5 in Dodging
  3345 | D:4      | Reached XP level 7. HP: 43/50 MP: 7/7
  3779 | D:4      | Reached skill level 7 in Long Blades
  4081 | D:3      | Killed Pikel
  4082 | D:3      | Reached skill level 9 in Long Blades
  4082 | D:3      | Reached XP level 8. HP: 44/56 MP: 8/8
  4166 | D:5      | Entered Level 5 of the Dungeon
  4168 | D:5      | Found a broken altar of Ashenzari.
  4181 | D:5      | Reached skill level 10 in Long Blades
  4304 | D:5      | Found a blossoming altar of Fedhas.
  4574 | D:5      | Found a snail-covered altar of Cheibriados.
  4632 | D:5      | Found a transporter.
  4632 | D:5      | Noticed a yak
  4632 | D:5      | Noticed a gargoyle
  4633 | D:5      | Noticed a hornet
  4642 | D:5      | Found a transporter.
  4657 | D:5      | Found a hazy altar of Hepliaklqana.
  4932 | D:6      | Noticed Blork the orc
  4941 | D:5      | Killed Blork the orc
  4942 | D:5      | Reached skill level 11 in Long Blades
  4999 | D:6      | Reached XP level 9. HP: 55/61 MP: 9/9
  5226 | D:6      | Found a burning altar of Makhleb.
  5428 | D:6      | Reached skill level 12 in Long Blades
  5894 | D:7      | Noticed Maggie
  6040 | D:7      | Killed Maggie
  6041 | D:7      | Reached skill level 13 in Long Blades
  6093 | D:7      | Noticed Dowan
  6468 | D:7      | Noticed Duvessa
  6489 | D:7      | Killed Duvessa
  6490 | D:7      | Reached skill level 14 in Long Blades
  6507 | D:7      | Dowan changed into Dowan the river rat
  6507 | D:7      | Noticed Dowan
  6511 | D:7      | Killed Dowan the river rat
  6663 | D:7      | Reached skill level 1 in Ice Magic
  6856 | D:7      | Found a glowing golden altar of the Shining One.
  6858 | D:7      | Noticed an angel
  6867 | D:7      | Found a basalt altar of Yredelemnul.
  6869 | D:7      | Noticed a profane servitor
  6905 | D:7      | Found a shimmering blue altar of Sif Muna.
  6948 | D:7      | Found a staircase to the Ecumenical Temple.
  7154 | Temple   | Entered the Ecumenical Temple
  7476 | D:8      | Reached XP level 10. HP: 51/67 MP: 10/10
  7541 | D:8      | Found a runed translucent gate.
  7541 | D:8      | Found a runed translucent gate.
  7542 | D:8      | Found a runed translucent gate.
  7553 | D:8      | Noticed a ten-headed hydra
  7553 | D:8      | Noticed soark's ghost (novice OpCj)
  7748 | D:8      | Found an ancient bone altar of Kikubaaqudgha.
  7748 | D:8      | Found an ornate altar of the Wu Jian Council.
  7748 | D:8      | Found a stormy altar of Qazlal.
  7841 | D:8      | Became a worshipper of the Wu Jian Council
  7994 | D:9      | Found Pumaubaumn's Armour Shop.
  8217 | D:9      | Killed an unseen horror
  8423 | D:9      | Learned a level 2 spell: Ensorcelled Hibernation
  8675 | D:9      | Found a white marble altar of Elyvilon.
  8923 | D:10     | Entered Level 10 of the Dungeon
  8949 | D:10     | Noticed Urug
  9250 | D:10     | Noticed an oklob plant
  9700 | D:11     | Found a staircase to the Orcish Mines.
  9911 | D:10     | Reached skill level 1 in Spellcasting
  9914 | D:10     | Reached * piety under Wu Jian
  9922 | D:10     | HP: 3/73 [gnoll sergeant/+0 spear (5)]
  9929 | D:10     | Slain by an unseen horror

Illustrated notes

Levels and vault maps discovered:
D:1:      grunt_arrival_crossed_arrows, layout_basic
D:2:      layout_basic, serial_shops, shop, basic_altar, minivault_23,
          minmay_misc_feat_tiny, minmay_hexomino_u4, uniq_terence
D:3:      layout_basic, ebering_ecumenical_altar_sacrificial,
          nicolae_eternal_life, minmay_misc_feat_tower, uniq_robin,
          uniq_crazy_yiuf_cottage, uniq_grinder
D:4:      layout_rooms, serial_undead, serial_undead_a, serial_undead_f,
          serial_undead_a, serial_undead_a, chequers_serial_rivers_micro_e,
          uniq_pikel
D:5:      layout_loops_cross, mainiacjoe_overflow_paths,
          gammafunk_temple_overflow_arena, mainiacjoe_overflow_boulevard,
          fedhas_altar_1, chequers_serial_rivers_micro_a
D:6:      layout_basic, bloody_makhleb, uniq_blork_the_orc
D:7:      layout_gridville, grunt_temple_overflow_holy_war,
          lemuel_blue_sif_altar, minmay_temple_entry_fiery, uniq_maggie,
          uniq_duvessa
D:8:      layout_cave_pools, gammafunk_temple_overflow_claw,
          gammafunk_ghost_hydra_chop
D:9:      layout_loops_cross, general_overflow_altar, serial_shops, shop
D:10:     layout_stronghold, dpeg_oklobed_lair, uniq_urug
D:11:     layout_basic, erik_orc_4, nicolae_trove_entry_path_of_doom,
          zin_scriptorium, uniq_gastronok, uniq_sonja
Temple:   hellmonk_temple_rainy

Skill      XL: |  1  2  3  4  5  6  7  8  9 10 |
---------------+-------------------------------+-----
Long Blades    | 4 5 6 9 11 14 | 14.2
Armour         | 3 |  3.3
Dodging        | 5 6 7 8 |  8.4
Ice Magic      | 3 4 |  4.1
Fighting       | 4 |  4.9
Spellcasting   | 1 |  1.0
Throwing       | |  2.0

Action                     |  1- 3 |  4- 6 |  7- 9 | 10-12 || total
---------------------------+-------+-------+-------+-------++-------
  Melee: Long sword        |   104 |   147 |    61 |       ||   312
         Punch             |       |     3 |     6 |     2 ||    11
         Scimitar          |       |       |   355 |   216 ||   571
         Tailslap          |       |       |    11 |       ||    11
         Dagger            |       |       |     7 |       ||     7
  Throw: Dart              |       |       |     3 |     2 ||     5
         Throwing net      |       |       |     1 |     1 ||     2
         Javelin           |       |       |     1 |       ||     1
Ability: Lunge             |       |       |       |    17 ||    17
  Evoke: Wand              |       |       |     1 |       ||     1
    Use: Potion            |       |     2 |     5 |     1 ||     8
         Scroll            |       |     1 |       |     3 ||     4
   Stab: Sleeping          |     3 |       |       |       ||     3
         Held in net/web   |       |       |     2 |     2 ||     4
 Armour: Leather armour    |    33 |     7 |       |       ||    40
         Scale mail        |       |    67 |   168 |       ||   235
         Acid dragon scale |       |       |    26 |    83 ||   109
  Dodge: Dodged            |    85 |    86 |   321 |   223 ||   715

Table legend: (Time is in decaauts)
 A = Elapsed time spent in this place.
 B = Non-inter-level travel time spent in this place.
 C = Inter-level travel time spent in this place.
 D = Time resting spent in this place.
 E = Time spent auto-exploring this place.
 F = Levels seen in this place.
 G = Mean time per level.
                   A        B        C        D        E       F      G
               +--------+--------+--------+--------+--------+-----+--------+
         Total |   9832 |   9218 |    614 |    965 |   6340 |  12 |  819.3 |
       Dungeon |   9779 |   9171 |    608 |    965 |   6338 |  11 |  889.0 |
        Temple |     52 |     46 |      6 |      0 |      2 |   1 |   52.0 |
               +--------+--------+--------+--------+--------+-----+--------+

Top non-repeatable levels by time:
     D:7: 1406 daAuts
     D:3: 1252 daAuts
     D:9: 1219 daAuts
     D:2: 1158 daAuts
     D:1: 1011 daAuts
     D:6: 878 daAuts
     D:4: 776 daAuts
     D:5: 767 daAuts
    D:10: 646 daAuts
     D:8: 616 daAuts
  Temple: 52 daAuts
    D:11: 46 daAuts
